 Dungeon Crawl Stone Soup version 0.31.0-9-g3a7656b989 (webtiles) character file.

Game seed: 17335762481692600753

200 qw the Shooter (level 5, -1/26 HPs)
             Began as a Spriggan Hunter on Feb 2, 2024.
             Slain by an orc wizard
             ... wielding a +0 dagger of venom
              (4 damage)
             ... on level 3 of the Dungeon.
             The game lasted 00:00:08 (2327 turns).

qw the Shooter (Spriggan Hunter)                    Turns: 2327, Time: 00:00:09

Health: -1/26      AC:  2    Str:  7    XL:     5   Next: 49%
Magic:  6/6        EV: 21    Int: 10    God:
Gold:   158        SH:  0    Dex: 21    Spells: 4/4 levels left

rFire   . . .        a - +0 shortbow
rCold   . . .        (shield currently unavailable)
rNeg    . . .        c - +0 robe
rPois   .            (helmet restricted)
rElec   .            (no cloak)
rCorr   .            (gloves unavailable)
SInv    +            (boots unavailable)
Will    +....        (no amulet)
Stlth   +            (no ring)
HPRegen 0.24/turn    (no ring)
MPRegen 0.10/turn

%: no passive effects
@: confused, mighty, attractive, enlightened, flying, very quick
A: very small, no large weapons, unfitting armour, see invisible, speed 3
a: no special abilities


You were on level 3 of the Dungeon.
You visited 1 branch of the dungeon, and saw 3 of its levels.

You collected 158 gold pieces.


Innate Abilities, Weirdness & Mutations

You are very small and have problems with some larger weapons.
You are too small for most types of armour.
You have supernaturally acute eyesight. (SInv)
You cover ground extremely quickly. (Speed+++)


   Skills:
 - Level 2.0 Fighting
 + Level 5.6 Ranged Weapons
 - Level 5.3 Dodging
 - Level 1.5 Stealth


You had 4 spell levels left.
You didn't know any spells.
Your spell library was empty.

Inventory:

Hand Weapons
 a - a +0 shortbow (weapon)
Armour
 c - a +0 robe (worn)
Jewellery
 j - an amulet of faith
Scrolls
 b - 3 scrolls of identify
 d - a scroll of revelation {unknown}
 h - 2 scrolls of vulnerability {unknown}
 i - a scroll of teleportation {unknown}
Potions
 e - a potion of haste
 f - a potion of enlightenment

Dungeon Overview and Level Annotations

Branches:
Dungeon (3/15)

Altars:
Nemelex Xobeh

Shops:
D:1 =


Message History

You kill the orc wizard!
You feel sick.
The orc wizard hits you with a +0 dagger of venom.
You shoot an arrow.
The arrow hits the orc wizard but does no damage.
The orc wizard is moderately wounded.
You feel sick.
The orc wizard points at you and mumbles some strange words.
The magic dart hits you!
You shoot an arrow.
The arrow completely misses the orc wizard.
You feel sick.
The orc wizard points at you and mumbles some strange words.
The puff of flame misses you.
You shoot an arrow. The arrow hits the orc wizard.
The orc wizard is heavily wounded.
You feel sick. The orc wizard barely misses you.
You shoot an arrow. The arrow barely misses the orc wizard.
You feel sick.
The orc wizard points at you and mumbles some strange words.
You are confused.
2322 ||| DRINKING 2 fuming inky potions.
It was a potion of enlightenment.
You feel very buoyant.
You fly up into the air.
You feel sick.
You are no longer poisoned.
The orc wizard closely misses you.
2323 ||| DRINKING lumpy coppery potion.
It was a potion of attraction.
You feel attractive to monsters. The orc wizard closely misses you.
2324 ||| DRINKING bubbling cyan potion.
It was a potion of might.
You feel very mighty all of a sudden.
The orc wizard gestures at you while chanting.
The magic dart hits you.
The orc wizard casts a spell.
The orc wizard flickers and vanishes for a moment.
The orc wizard hits you with a +0 dagger of venom.
The orc wizard hits you with a +0 dagger of venom.
You die...

#................#..###.
#................#..# #.
#........#######.#..# #.
###'############....###.
#.# #...............
#.#####.#####.........
#####'##....#####.........
#.........[.##............
#.......o@...'............
#........)..##......#####.
#...........###...........
#...........###...........
#........)..........%.....
#..........).###..........
#............###.......%.#
#............##...#'#.....
#..........####...#.#.##.#


You could see an orc wizard (invisible).

Vanquished Creatures
  A bombardier beetle (D:3)
  An orc priest (D:3)
  An orc wizard (D:3)
  3 adders
  3 dart slugs
  A ribbon worm (D:3)
  7 orcs (D:3)
  6 ball pythons
  6 endoplasms
  A giant cockroach (D:2)
  8 hobgoblins
  7 jackals (D:1)
  2 kobolds (D:2)
  3 quokkas
  6 bats
  5 goblins
  6 rats
67 creatures vanquished.

Notes
Turn   | Place    | Note
-------+----------+-------------------------------------------
     0 | D:1      | qw the Spriggan Hunter began the quest for the Orb.
     0 | D:1      | Reached XP level 1. HP: 10/10 MP: 2/2
     0 | D:1      | 0 ||| qw: Version: 0.3-a-155-g5e7d8dd
     0 | D:1      | 0 ||| qw: Game counter: 2062
     0 | D:1      | 0 ||| qw: Melee chars always use a shield: true
     0 | D:1      | 0 ||| qw: God list: Okawaru
     0 | D:1      | 0 ||| qw: Allow faded altars: false
     0 | D:1      | 0 ||| qw: Do Orc after clearing Dungeon:15 true
     0 | D:1      | 0 ||| qw: Do second Lair branch before Depths: true
     0 | D:1      | 0 ||| qw: Lair rune preference: random
     0 | D:1      | 0 ||| qw: Goals: Normal
     0 | D:1      | 0 ||| PLANNING D:1-11
    59 | D:1      | Reached skill level 3 in Dodging
   116 | D:1      | Found a faded altar of an unknown god.
   171 | D:1      | Reached XP level 2. HP: 5/14 MP: 3/3
   234 | D:1      | Found Huluog's Jewellery Shoppe.
   246 | D:1      | 246 ||| SHOPLISTING +4 ring of protection (504 gold, have
                  | 0).
   246 | D:1      | 246 ||| SHOPLISTING +6 ring of dexterity (504 gold, have
                  | 0).
   246 | D:1      | 246 ||| SHOPLISTING +6 ring of strength (504 gold, have 0).
   246 | D:1      | 246 ||| SHOPLISTING amulet "Ishozokk" {Spirit ^Fragile
                  | rN+++ Str-4 Stlth+} (655 gold, have 0).
   246 | D:1      | 246 ||| SHOPLISTING amulet of regeneration (420 gold, have
                  | 0).
   246 | D:1      | 246 ||| SHOPLISTING ring of poison resistance (280 gold,
                  | have 0).
   594 | D:1      | Reached XP level 3. HP: 18/18 MP: 4/4
   825 | D:1      | 825 ||| DROPPING +6 ring of intelligence.
   826 | D:1      | 826 ||| READING scroll labelled GIGUANO LURI.
   826 | D:1      | 826 ||| IDENTIFYING black potion
   827 | D:1      | 827 ||| DROPPING scroll of butterflies.
  1609 | D:2      | 1609 ||| READING 3 scrolls labelled TOATORGH TELAG.
  1610 | D:2      | 1610 ||| READING scroll labelled FASHAIW NIETE.
  1611 | D:2      | 1611 ||| READING scroll labelled YJE DEFFEUCIETH.
  1611 | D:2      | 1611 ||| ENCHANTING +0 shortbow.
  1612 | D:2      | 1612 ||| DROPPING 2 scrolls of fog.
  1698 | D:3      | Reached XP level 4. HP: 22/22 MP: 5/5
  1792 | D:3      | Found a sparkling altar of Nemelex Xobeh.
  1959 | D:3      | Reached XP level 5. HP: 26/26 MP: 6/6
  2321 | D:3      | HP: 6/26 [poisoned by an orc wizard]
  2322 | D:3      | 2322 ||| DRINKING 2 fuming inky potions.
  2323 | D:3      | 2323 ||| DRINKING lumpy coppery potion.
  2324 | D:3      | 2324 ||| DRINKING bubbling cyan potion.
  2326 | D:3      | HP: 2/26 [orc wizard/+0 dagger of venom (1)]
  2327 | D:3      | Slain by an orc wizard

Levels and vault maps discovered:
D:1:      tarquinn_simple_flora_water_e, layout_basic,
          ebering_ecumenical_altar_mist, serial_shops, shop
D:2:      layout_basic
D:3:      layout_basic, nemelex_diamond_rough_becter, interstate_on_off,
          minmay_bisected

Skill      XL: |  1  2  3  4  5 |
---------------+----------------+-----
Dodging        | 3 4 5 |  5.3
Ranged Weapons | 5 |  5.6
Fighting       | 2 |  2.0
Stealth        | |  1.5

Action                     |  1- 3 |  4- 6 || total
---------------------------+-------+-------++-------
   Fire: Shortbow          |   135 |    83 ||   218
    Use: Scroll            |     4 |       ||     4
         Potion            |       |     3 ||     3
 Armour: Robe              |    11 |     6 ||    17
  Dodge: Dodged            |    60 |    16 ||    76

Table legend:
 A = Non-vault XP
 B = Vault XP
 C = Vault XP percentage of total XP
 D = Non-vault monster count
 E = Vault monster count
 F = Vault count percentage of total count
                 A         B        C        D         E       F
            +---------+---------+-------+---------+---------+-------
      Total |     281 |       6 |   2.1 |      64 |       3 |   4.5
            +---------+---------+-------+---------+---------+-------
        D:1 |      45 |       0 |   0.0 |      26 |       0 |   0.0
        D:2 |      35 |       0 |   0.0 |      12 |       0 |   0.0
        D:3 |     201 |       6 |   2.9 |      26 |       3 |  10.3
            +---------+---------+-------+---------+---------+-------
